 Dungeon Sprint DCSS version 0.29-a0-322-g68df515428 (webtiles) character file.

Game seed: 48010906580098994

435 mhtbhm the Spear-Bearer (level 6, -8/102 HPs)
             Began as a Minotaur Berserker on Apr 9, 2022.
             Was a Believer of Trog.
             Mangled by Sonja
             ... wielding a +2 dagger of distortion
              (13 damage)
             ... in the Dungeon (Sprint I: "Red Sonja").
             The game lasted 00:00:46 (372 turns).

mhtbhm the Spear-Bearer (Minotaur Berserker)         Turns: 372, Time: 00:00:47

Health: -8/102     AC:  3    Str: 24    XL:     6   Next: 68%
Magic:  5/5        EV: 13    Int:  4    God:    Trog [**....]
Gold:   310        SH:  0    Dex:  9    Spells: 5/5 levels left

rFire   . . .      SeeInvis .   a - +0 spear
rCold   . . .      Faith    .   (no shield)
rNeg    . . .      Spirit   .   b - +0 leather armour
rPois   .          Reflect  .   (helmet restricted)
rElec   .          Harm     .   (no cloak)
rCorr   .          Rampage  .   (no gloves)
Will    .....      NoTele   +   (no boots)
Stlth   ..........              (no amulet)
HPRegen 0.27/turn               (no ring)
MPRegen 0.09/turn               (no ring)

@: berserking, lethally poisoned (-8 -> -13), slowed
A: horns 2, retaliatory headbutt
a: Renounce Religion, Berserk, Trog's Hand


You were in the Dungeon.
You worshipped Trog.
Trog was pleased with you.
You visited 1 branch You collected 310 gold pieces.

Inventory:

Hand Weapons
 a - a +0 spear (weapon)
Armour
 b - a +0 leather armour (worn)
Scrolls
 h - 2 scrolls of blinking
 j - a scroll of identify {unknown}
Potions
 c - a potion of curing
 d - a potion of heal wounds
 e - a potion of haste
 f - 2 potions of magic
 g - a potion of berserk rage


   Skills:
 + Level 11.2 Fighting
 + Level 11.7 Polearms
 + Level 5.8 Armour
 + Level 5.4 Dodging


You had 5 spell levels left.
You didn't know any spells.
Your spell library was empty.

Dungeon Overview and Level Annotations

Branches:
Dungeon (1/1)

Altars:
Cheibriados
Dithmenos
Elyvilon
Fedhas
Gozag
Hepliaklqana
Kikubaaqudgha
Nemelex Xobeh
Okawaru
Qazlal
Ru
Sif Muna
Trog
Uskayaw
Vehumet
Wu Jian
Yredelemnul
Zin
The Shining One

Shops:
D (

Annotations:
D Sonja


Innate Abilities, Weirdness & Mutations

You have a pair of horns on your head.
You reflexively headbutt those who attack you in melee.


Message History

You completely miss Sonja. Your headbutt misses Sonja.
Sonja is heavily wounded.
You feel sick.
You miss Sonja.
Sonja is heavily wounded.
You feel sick. Sonja closely misses you. You furiously retaliate!
You headbutt Sonja! Sonja misses you.
Sonja hits you with a +2 dagger of distortion.
Space warps horribly around you!
You are too injured to fight recklessly!
You are too injured to fight recklessly!
You are too injured to fight recklessly!
You are too injured to fight recklessly!
You are too injured to fight recklessly!
You are too injured to fight recklessly!
You are too injured to fight recklessly!
You are too injured to fight recklessly!
You are too injured to fight recklessly!
You are too injured to fight recklessly!
You closely miss Sonja. Your headbutt misses Sonja.
Sonja is almost dead.
You feel sick.
Sonja hits you with a +2 dagger of distortion!
Space warps horribly around you!
* * * LOW HITPOINT WARNING * * *
Sonja hits you with a +2 dagger of distortion.
* * * LOW HITPOINT WARNING * * *
Sonja hits you with a +2 dagger of distortion!
* * * LOW HITPOINT WARNING * * *
You closely miss Sonja. Your headbutt misses Sonja.
Sonja is almost dead.
You feel sick.
Unknown command.
You barely miss Sonja. Your headbutt misses Sonja.
Sonja is almost dead.
You feel sick. Sonja barely misses you.
Sonja hits you with a +2 dagger of distortion.
* * * LOW HITPOINT WARNING * * *
Space warps horribly around you!
You die...

#..').#..').#..+
#..#####'#####'#
#..####..#...#.#
#..#_K####..##.#
#..#_____##'#_.+
#⌠⌠#_.∩...†..._#
####_..__##_.#'#
#_____###K#.#
####### #@###
+$.$+ #$.$#
##.## #+#


You could see Sonja.

Vanquished Creatures
  Sigmund (D)
  A yak (D)
  An ogre (D)
  A jelly (D)
  Ijyb (D)
5 creatures vanquished.

Notes
Turn   | Place    | Note
-------+----------+-------------------------------------------
     0 | D        | mhtbhm the Minotaur Berserker began the quest for the Orb.
     0 | D        | Reached XP level 1. HP: 19/19 MP: 0/0
     1 | D        | Noticed Ijyb
     3 | D        | Paralysed by Ijyb for 7 turns
    17 | D        | Killed Ijyb
    18 | D        | Reached skill level 5 in Fighting
    18 | D        | Reached skill level 5 in Polearms
    18 | D        | Reached XP level 2. HP: 21/30 MP: 1/1
   179 | D        | Noticed an ogre
   186 | D        | Killed an ogre
   187 | D        | Reached XP level 3. HP: 40/40 MP: 2/2
   187 | D        | Reached XP level 4. HP: 48/48 MP: 3/3
   225 | D        | Noticed Sigmund
   229 | D        | Killed Sigmund
   229 | D        | Reached ** piety under Trog
   230 | D        | Reached skill level 10 in Polearms
   230 | D        | Reached skill level 5 in Armour
   230 | D        | Reached XP level 5. HP: 58/58 MP: 4/4
   292 | D        | Found an ornate altar of the Wu Jian Council.
   292 | D        | Found a shimmering blue altar of Sif Muna.
   294 | D        | Found a radiant altar of Vehumet.
   298 | D        | Reached skill level 10 in Fighting
   298 | D        | Reached XP level 6. HP: 59/66 MP: 5/5
   330 | D        | Found Vioboaz's Weapon Emporium.
   330 | D        | Found an ancient bone altar of Kikubaaqudgha.
   330 | D        | Found a hazy altar of Hepliaklqana.
   330 | D        | Found a stormy altar of Qazlal.
   330 | D        | Found a hide-covered altar of Uskayaw.
   330 | D        | Found a blossoming altar of Fedhas.
   330 | D        | Found a bloodstained altar of Trog.
   330 | D        | Found an iron altar of Okawaru.
   330 | D        | Found a basalt altar of Yredelemnul.
   330 | D        | Found a glowing golden altar of the Shining One.
   330 | D        | Found a snail-covered altar of Cheibriados.
   330 | D        | Found a sacrificial altar of Ru.
   330 | D        | Found a glowing silver altar of Zin.
   330 | D        | Found a shadowy altar of Dithmenos.
   330 | D        | Found a white marble altar of Elyvilon.
   330 | D        | Noticed a yak
   339 | D        | Killed a yak
   340 | D        | Reached skill level 5 in Dodging
   340 | D        | Found an opulent altar of Gozag.
   341 | D        | Found a sparkling altar of Nemelex Xobeh.
   356 | D        | Noticed Sonja
   372 | D        | HP: 5/102 [Sonja/+2 dagger of distortion (3)]
   372 | D        | Mangled by Sonja

Illustrated notes

Levels and vault maps discovered:
D:        dungeon_sprint_1 [red_sonja_temple_1, red_sonja_temple_small_1]

Skill      XL: |  1  2  3  4  5  6 |
---------------+-------------------+-----
Fighting       | 5 7 9 10 11 | 11.2
Polearms       | 5 8 10 11 | 11.7
Armour         | 3 4 5 |  5.8
Dodging        | 3 4 5 |  5.4

Action                   |  1- 3 |  4- 6 || total
-------------------------+-------+-------++-------
Melee: Spear             |    14 |    25 ||    39
       Headbutt          |     1 |     3 ||     4
Invok: Berserk           |     2 |     2 ||     4
Evoke: Wand              |       |     2 ||     2
Armor: Animal skin       |     1 |       ||     1
Dodge: Dodged            |     4 |    10 ||    14

Table legend: (Time is in decaauts)
 A = Elapsed time spent in this place.
 B = Non-inter-level travel time spent in this place.
 C = Inter-level travel time spent in this place.
 D = Time resting spent in this place.
 E = Time spent auto-exploring this place.
 F = Levels seen in this place.
 G = Mean time per level.
                   A        B        C        D        E       F      G
               +--------+--------+--------+--------+--------+-----+--------+
         Total |    394 |    394 |      0 |    250 |      1 |   1 |  394.0 |
       Dungeon |    394 |    394 |      0 |    250 |      1 |   1 |  394.0 |
               +--------+--------+--------+--------+--------+-----+--------+

Top non-repeatable levels by time:
       D: 394 daAuts
